 Dungeon Crawl Stone Soup version 0.28-a0-1213-g0243856f03 (webtiles) character file.

Game seed: 2406186915691233209

470 hazymike the Slasher (level 7, 0/56 HPs)
             Began as a Barachi Fighter on Dec 21, 2021.
             Slain by a scorpion (1 damage)
             ... on level 4 of the Dungeon.
             The game lasted 00:13:22 (2552 turns).

hazymike the Slasher (Barachi Fighter)              Turns: 2552, Time: 00:13:23

Health: 0/56       AC:  8    Str: 18    XL:     7   Next: 9%
Magic:  7/7        EV:  9    Int: 10    God:
Gold:   74         SH:  4    Dex: 11    Spells: 6/6 levels left

rFire   . . .      SeeInvis .   a - +0 long sword
rCold   . . .      Faith    .   c - +0 buckler
rNeg    . . .      Spirit   .   b - +0 scale mail
rPois   .          Reflect  .   n - +0 helmet
rElec   .          Harm     .   (no cloak)
rCorr   .          Rampage  .   (no gloves)
Will    .....                   (no boots)
Stlth   ..........              (no amulet)
HPRegen 0.18/turn               (no ring)
MPRegen 0.10/turn               (no ring)

@: lethally poisoned (0 -> -9), slow
A: amphibious, slowness 1, strong legs 1, +LOS
a: Hop


You were on level 4 of the Dungeon.
You visited 1 branch of the dungeon, and saw 4 of its levels.

You collected 74 gold pieces.

Inventory:

Hand Weapons
 a - a +0 long sword (weapon)
 h - a +2 dagger of venom
Missiles
 f - 93 stones (quivered)
 k - 14 poisoned darts
 l - a throwing net
Armour
 b - a +0 scale mail (worn)
 c - a +0 buckler (worn)
 n - a +0 helmet (worn)
Scrolls
 e - 4 scrolls of enchant weapon {unknown}
 g - 2 scrolls of identify {unknown}
 i - a scroll of teleportation {unknown}
 m - a scroll of enchant armour {unknown}
Potions
 d - a potion of heal wounds {unknown}
 j - a potion of flight {unknown}


   Skills:
 + Level 5.4 Fighting
 * Level 6.2 Long Blades
 + Level 5.4 Armour
 - Level 4.0 Shields


You had 6 spell levels left.
You didn't know any spells.
Your spell library was empty.

Dungeon Overview and Level Annotations

Branches:
Dungeon (4/15)
 Temple: D:4-7

Altars:
Okawaru
Qazlal

Shops:
D:1 (


Innate Abilities, Weirdness & Mutations

You are amphibious.
You cover ground slowly.
You can hop short distances.
You have an extended range of vision and can be seen from far away.


Message History

You hit the scorpion but do no damage. The scorpion barely misses you.
The scorpion stings you.
You hit the scorpion.
The scorpion is moderately wounded.
The scorpion barely misses you.
You hit the scorpion.
The scorpion is moderately wounded.
You are no longer corroded.
The scorpion stings you!
You are poisoned.
The scorpion poisons you!
You hit the scorpion but do no damage.
The scorpion is moderately wounded.
You feel very sick.
The scorpion stings you but does no damage. x2
You barely miss the scorpion.
The scorpion is moderately wounded.
You feel very sick. The scorpion closely misses you.
You hit the scorpion.
The scorpion is heavily wounded.
You feel sick.
The scorpion stings you but does no damage.
You closely miss the scorpion.
The scorpion is heavily wounded.
You feel sick. The scorpion barely misses you. The scorpion stings you.
* * * LOW HITPOINT WARNING * * *
You are lethally poisoned!
The scorpion poisons you!
You closely miss the scorpion.
The scorpion is heavily wounded.
* * * LOW HITPOINT WARNING * * *
You feel very sick. The scorpion completely misses you.
You hit the scorpion.
The scorpion is almost dead.
* * * LOW HITPOINT WARNING * * *
You feel very sick. The scorpion stings you.
You die...

. .' (.# ...#
... ..
#####.##.###
#..@s....(..
#####
#.###.###.##
....# #.# #
###.# #.# #.#
#.# #.# #.#
#.# #.#
#.##########.#
#............#


You could see a scorpion.

Vanquished Creatures
  Sigmund (D:2)
  An ogre (D:4)
  A phantom (D:4)
  A jelly (D:4)
  4 gnolls
  3 adders
  3 worms
  An orc (D:4)
  6 ball pythons
  7 bats
  8 endoplasms
  A giant cockroach (D:3)
  6 goblins
  6 hobgoblins
  3 jackals (D:2)
  3 quokkas
  2 frilled lizards
  2 kobolds
  6 rats
65 creatures vanquished.

Notes
Turn   | Place    | Note
-------+----------+-------------------------------------------
     0 | D:1      | hazymike the Barachi Fighter began the quest for the Orb.
     0 | D:1      | Reached XP level 1. HP: 18/18 MP: 1/1
   183 | D:1      | Reached XP level 2. HP: 25/25 MP: 2/2
   270 | D:1      | Found Feirr's Antique Weapon Shop.
   301 | D:1      | Reached skill level 3 in Long Blades
   342 | D:1      | Reached XP level 3. HP: 12/30 MP: 3/3
  1099 | D:2      | Noticed Sigmund
  1116 | D:2      | Killed Sigmund
  1117 | D:2      | Reached skill level 4 in Long Blades
  1117 | D:2      | Reached XP level 4. HP: 32/38 MP: 4/4
  1117 | D:2      | Reached XP level 5. HP: 36/43 MP: 5/5
  1386 | D:2      | Reached skill level 5 in Long Blades
  1543 | D:2      | Reached XP level 6. HP: 46/50 MP: 6/6
  1980 | D:3      | Found an iron altar of Okawaru.
  2025 | D:3      | Reached skill level 5 in Armour
  2055 | D:3      | Reached skill level 5 in Fighting
  2194 | D:3      | You fall into a shaft and drop 1 floor!
  2293 | D:4      | Found a stormy altar of Qazlal.
  2314 | D:4      | Reached skill level 6 in Long Blades
  2314 | D:4      | Reached XP level 7. HP: 29/56 MP: 7/7
  2552 | D:4      | HP: 1/56 [poisoned by a scorpion]
  2552 | D:4      | Slain by a scorpion

Illustrated notes

Levels and vault maps discovered:
D:1:      onia_arrival_pentagram, layout_rooms, serial_shops,
          nicolae_square_shop
D:2:      layout_loops_ring, uniq_sigmund
D:3:      cheibrodos_helix_gallery, layout_loops_corners,
          grunt_temple_overflow_gold_and_silver, okawaru_ov_weapons_minmay,
          serial_rivers, chequers_serial_rivers_small_a,
          chequers_serial_rivers_marsh, chequers_serial_rivers_micro_c,
          chequers_serial_rivers_room_a, minmay_misc_feat_ornament,
          goddamned_bats
D:4:      layout_basic, general_overflow_altar, nzn_hepliaklqana_mist_gate,
          chequers_temple_overflow_statue_of_worship,
          minmay_fractal_squares_diagonal_5, uniq_ijyb

Skill      XL: |  1  2  3  4  5  6 |
---------------+-------------------+-----
Long Blades    | 3 4 5 6 |  6.2
Fighting       | 4 5 |  5.4
Armour         | 4 5 |  5.4
Shields        | 4 |  4.0

Action                   |  1- 3 |  4- 6 |  7- 9 || total
-------------------------+-------+-------+-------++-------
Melee: Long sword        |   102 |   101 |    25 ||   228
Throw: Stone             |    31 |    10 |     1 ||    42
       Dart              |       |    24 |       ||    24
  Use: Potion            |     1 |       |       ||     1
Armor: Scale mail        |    47 |    38 |     7 ||    92
Dodge: Dodged            |    40 |    32 |     7 ||    79
Block: Buckler           |    27 |    17 |     4 ||    48

Table legend: (Time is in decaauts)
 A = Elapsed time spent in this place.
 B = Non-inter-level travel time spent in this place.
 C = Inter-level travel time spent in this place.
 D = Time resting spent in this place.
 E = Time spent auto-exploring this place.
 F = Levels seen in this place.
 G = Mean time per level.
                   A        B        C        D        E       F      G
               +--------+--------+--------+--------+--------+-----+--------+
         Total |   2887 |   2850 |     37 |    676 |   1511 |   4 |  721.8 |
       Dungeon |   2887 |   2850 |     37 |    676 |   1511 |   4 |  721.8 |
               +--------+--------+--------+--------+--------+-----+--------+

Top non-repeatable levels by time:
     D:1: 1055 daAuts
     D:2: 959 daAuts
     D:3: 487 daAuts
     D:4: 384 daAuts
